 Dungeon Crawl Stone Soup version 0.23.0 (webtiles) character file.

Game seed: 14455769718459978970

854 goblindog the Shield-Bearer (level 7, -1/61 HPs)
             Began as a Minotaur Fighter on Feb 16, 2019.
             Was an Initiate of Elyvilon.
             Slain by Pikel
             ... wielding a +2 whip of flaming
              (7 damage)
             ... on level 5 of the Dungeon.
             The game lasted 00:25:07 (3194 turns).

goblindog the Shield-Bearer (Minotaur Fighter)      Turns: 3194, Time: 00:25:08

Health: -1/61      AC:  8    Str: 22    XL:     7   Next: 70%
Magic:  6/6        EV:  9    Int:  5    God:    Elyvilon [......]
Gold:   22         SH: 10    Dex: 10    Spells: 6/6 levels left

rFire    . . .     SeeInvis .   H - +5 falchion
rCold    . . .     Gourm    .   c - +0 shield
rNeg     . . .     Faith    .   b - +0 scale mail
rPois    .         Spirit   .   (helmet restricted)
rElec    .         Reflect  .   (no cloak)
rCorr    .         Harm     .   v - +0 pair of gloves
MR       .....                  (no boots)
Stlth    ..........             (no amulet)
HPRegen  0.20/turn              (no ring)
MPRegen  0.10/turn              (no ring)

@: no status effects
A: retaliatory headbutt, horns 2
a: Renounce Religion


You were on level 5 of the Dungeon.
You worshipped Elyvilon.
Elyvilon was noncommittal.
You were full.

You visited 1 branch of the dungeon, and saw 5 of its levels.

You collected 248 gold pieces.
You spent 226 gold pieces at shops.

Inventory:

Hand Weapons
 a - a +0 war axe
 l - a +0 flail
 r - a +0 hunting sling
 t - a +1 dagger of flaming
 w - a +0 spear
 D - a +0 giant club
 E - a +0 flail
 F - a +2 war axe of venom
 G - a +3 dire flail
 H - a +5 falchion (weapon)
Armour
 b - a +0 scale mail (worn)
 c - a +0 shield (worn)
 n - a +0 leather armour
 s - a +0 helmet
 u - a +0 scale mail
 v - a +0 pair of gloves (worn)
Wands
 B - a wand of flame (18)
Scrolls
 e - 3 scrolls of identify {unknown}
 g - 2 scrolls of enchant armour {unknown}
 i - 2 scrolls of teleportation {unknown}
 m - a scroll of immolation {unknown}
 o - a scroll of fear {unknown}
 p - 8 scrolls of remove curse {unknown}
 q - a scroll of fog {unknown}
 y - 2 scrolls of noise {unknown}
Potions
 d - a potion of might
 h - 4 potions of curing {unknown}
 j - 2 potions of haste {unknown}
 k - 3 potions of agility {unknown}
 x - 3 potions of lignification {unknown}
 z - a potion of flight {unknown}
 A - a potion of mutation {unknown}
 C - a potion of degeneration {unknown}
 I - a potion of brilliance {unknown}
Comestibles
 f - 7 rations


   Skills:
 + Level 5.1 Fighting
 + Level 2.4(2.6) Short Blades
 + Level 1.4(2.3) Long Blades
 + Level 4.4 Axes
 + Level 6.2 Armour
 + Level 2.0 Dodging
 + Level 1.1 Stealth
 + Level 6.7 Shields


You had 6 spell levels left.
You didn't know any spells.
Your spell library was empty.

Dungeon Overview and Level Annotations

Branches:
Dungeon (5/15)
 Temple: D:4-7

Altars:
Elyvilon
Uskayaw
Xom

Shops:
D:4 (

Annotations:
D:5 Pikel


Innate Abilities, Weirdness & Mutations

You reflexively headbutt those who attack you in melee.
You have a pair of horns on your head.


Message History

Pikel is heavily wounded.
Pikel hits you with a +2 whip of flaming.
* * * LOW HITPOINT WARNING * * *
Pikel burns you.
* * * LOW HITPOINT WARNING * * *
You closely miss Pikel.
Pikel is heavily wounded.
Pikel hits you but does no damage.
You closely miss Pikel.
Pikel is heavily wounded.
Pikel hits you with a +2 whip of flaming.
* * * LOW HITPOINT WARNING * * *
Pikel burns you.
* * * LOW HITPOINT WARNING * * *
Pikel barely misses you.
Pikel says, "Slavery isn't that bad."
You hear the rusting of a very distant drain.
There is an escape hatch in the floor here.
Pikel hits you with a +2 whip of flaming!
You die...

#.# ### #.###.... ..# #... ...
#.# ####..##.# #.# #........#
#.# ##........# ##.#
####.........# ...
#........@...###########.#
#.##....K.)..##.......##.#
#.###..p.....##.......##)#
#####.# #.......[.........##†#
#.....# #p###.#..†..........).
#.##..# #.# #.#..........))).#
#.##..###.###.#........†..####
#.##......p...........)(.<#
#.##...##p##....##.###.####


You could see Pikel and 2 slaves.

Vanquished Creatures
  An ice beast (D:4)
  An ogre (D:4)
  4 wights (D:4)
  A crimson imp (D:5)
  A hound (D:4)
  4 orc priests
  3 orc wizards
  A worker ant (D:5)
  A hound skeleton (D:4)
  A gnoll (D:1)
  8 adders
  An adder zombie (D:5)
  A worm (D:5)
  2 dart slugs
  5 leopard geckos
  21 orcs
  5 giant cockroaches
  5 goblins
  7 hobgoblins
  5 jackals (D:4)
  2 quokkas
  3 ball pythons
  7 bats
  5 frilled lizards
  10 kobolds
  11 rats
116 creatures vanquished.

Notes
Turn   | Place    | Note
-------+----------+-------------------------------------------
     0 | D:1      | goblindog the Minotaur Fighter began the quest for the Orb.
     0 | D:1      | Reached XP level 1. HP: 19/19 MP: 0/0
   225 | D:1      | Reached XP level 2. HP: 27/27 MP: 1/1
   788 | D:1      | Reached XP level 3. HP: 31/33 MP: 2/2
  1034 | D:2      | Found a hide-covered altar of Uskayaw.
  1077 | D:2      | Became a worshipper of Uskayaw the Reveler
  1091 | D:2      | Reached * piety under Uskayaw
  1288 | D:2      | Reached XP level 4. HP: 35/40 MP: 3/3
  1288 | D:2      | Reached ** piety under Uskayaw
  1294 | D:2      | Reached *** piety under Uskayaw
  1299 | D:2      | Reached **** piety under Uskayaw
  1307 | D:2      | Reached ***** piety under Uskayaw
  1320 | D:2      | Reached XP level 5. HP: 27/47 MP: 4/4
  1741 | D:3      | Reached skill level 1 in Short Blades
  1938 | D:3      | Reached skill level 5 in Shields
  2198 | D:4      | Noticed an ogre
  2203 | D:4      | Killed an ogre
  2203 | D:4      | Reached skill level 1 in Dodging
  2203 | D:4      | Reached XP level 6. HP: 46/53 MP: 5/5
  2204 | D:4      | Found Xown's Weapon Shoppe.
  2301 | D:4      | Noticed an ice beast
  2308 | D:4      | Reached skill level 5 in Armour
  2325 | D:4      | Killed an ice beast
  2496 | D:4      | Found a shimmering altar of Xom.
  2616 | D:4      | Bought a +2 war axe of venom for 226 gold pieces
  2671 | D:4      | Found a white marble altar of Elyvilon.
  2690 | D:4      | Reached XP level 7. HP: 33/60 MP: 6/6
  2789 | D:4      | Reached skill level 1 in Stealth
  2798 | D:4      | Fell from the grace of Uskayaw
  2798 | D:4      | Became a worshipper of Elyvilon the Healer
  2956 | D:5      | Entered Level 5 of the Dungeon
  2960 | D:5      | Reached skill level 5 in Fighting
  2983 | D:5      | Reached skill level 1 in Long Blades
  3153 | D:5      | Noticed Pikel
  3177 | D:5      | HP: 3/61 [Pikel/+2 whip of flaming (1)]
  3194 | D:5      | Slain by Pikel

Skill      XL: |  1  2  3  4  5  6  7 |
---------------+----------------------+-----
Armour         | 4 5 6 |  6.2
Fighting       | 4 5 |  5.1
Shields        | 4 5 6 |  6.7
Axes           | 3 4 |  4.4
Short Blades   | 1 2 |  2.4
Dodging        | 1 2 |  2.0
Stealth        | 1 |  1.1
Long Blades    | 1 |  1.4

Action                   |  1- 3 |  4- 6 |  7- 9 || total
-------------------------+-------+-------+-------++-------
Melee: War axe           |    89 |    28 |     3 ||   120
       Headbutt          |    14 |    23 |    15 ||    52
       Dagger            |       |   167 |       ||   167
       Falchion          |       |       |    77 ||    77
 Stab: Paralysed         |       |     3 |       ||     3
  Eat: Ration            |     1 |     2 |     1 ||     4
Armor: Scale mail        |    38 |    83 |    24 ||   145
Dodge: Dodged            |    26 |    62 |    25 ||   113
Block: Shield            |    48 |   121 |    32 ||   201
       Rpst.: Falchion   |       |       |     8 ||     8
